 Dungeon Sprint DCSS version 0.30.0-10-gfe55d96785 (webtiles) character file.

Game seed: 867532805773480074

44429 garrulousMonolith the Warrior (level 14, -2/176 HPs)
             Began as a Gnoll Reaver on May 16, 2023.
             Was the Champion of Cheibriados.
             Killed from afar by a frost giant (10 damage)
             ... with a bolt of cold
             ... in the Dungeon (Sprint V: "Ziggurat Sprint").
             The game lasted 00:09:18 (2066 turns).

garrulousMonolith the Warrior (Gnoll Reaver)        Turns: 2066, Time: 00:09:18

Health: -2/176     AC: 31    Str: 33    XL:     14   Next: 28%
Magic:  31/39      EV: 22    Int: 31    God:    Cheibriados [******]
Gold:   0          SH: 34    Dex: 27    Spells: 22/44 levels left

rFire   . . .        t - +11 Screaming Sword {sonic wave}
rCold   . . .        C - +18 shield of the Gong {Loud rN+ Will+ rCorr EV-5}
rNeg    + + .        D - melded +5 gold dragon scales
rPois   ∞            (no helmet)
rElec   +            L - +0 cloak {Stlth+}
rCorr   +            (gloves currently unavailable)
SInv    .            (boots currently unavailable)
Will    ++...        (no amulet)
Stlth   +++++++      w - +6 ring of strength
HPRegen 0.49/turn    N - ring of Xom's Passing Interest {+Blink rElec rCorr MP+9 Stlth-}
MPRegen 0.26/turn

%: no teleportation
@: statue-form, studying 2 skills, unable to read, very slow
A: slow and powerful, torment resistance 1, boosted hp, fangs 1, strong nose,
distributed training, hooves 1, deterioration 2, low MP 1, inability to read
after injury 1
a: End Transformation, Renounce Religion, Evoke Blink, Bend Time, Temporal
Distortion, Slouch, Step From Time


You were in the Dungeon.
You worshipped Cheibriados.
Cheibriados was exalted by your worship.
You were a living statue of rough stone.
You visited 1 branch

Inventory:

Hand Weapons
 t - the +11 Screaming Sword (weapon) {sonic wave}
   (You found it in the Dungeon)
 x - the +8 lance "Wyrmbane" {slay drac, rPois rF+ rC+ AC+3}
   (You found it in the Dungeon)

   AC:        It affects your AC (+3).
   rF:        It protects you from fire.
   rC:        It protects you from cold.
   rPois:     It protects you from poison.
 y - the +6 shillelagh "Devastator" {shatter}
   (You found it in the Dungeon)
 z - the +9 sword of Zonguldrok {reap}
   (You found it in the Dungeon)
 A - the +16 obsidian axe {drain, demonic, Mesm Drain Fly SInv}
   (You found it in the Dungeon)

   Mesm:      Its wielder is mesmerised by any visible foes, and it cannot be
   unequipped while any foes are visible.
   SInv:      It lets you see invisible.
   Fly:       It grants you flight.
   Drain:     It drains your maximum health when unequipped.
 K - the +2 Maxwell's thermic engine {flame, freeze, rev}
   (You found it in the Dungeon)
 U - the +10 morningstar "Eos" {elec, Halo rElec}
   (You found it in the Dungeon)

   Halo:      It grants its wielder a halo, revealing invisible creatures and
   increasing accuracy against all within it other than the wielder.
   rElec:     It insulates you from electricity.
Armour
 B - the +15 Maxwell's patent armour {-Cast -Tele rElec Will+ rCorr}
   (You found it in the Dungeon)

   rElec:     It insulates you from electricity.
   -Cast:     It prevents spellcasting.
   -Tele:     It prevents most forms of teleportation.
   rCorr:     It protects you from acid and corrosion.
   Will:      It increases your willpower.
 C - the +18 shield of the Gong (worn) {Loud rN+ Will+ rCorr EV-5}
   (You found it in the Dungeon)

   Loud:      It is deafeningly noisy when blocking attacks.
   EV:        It affects your evasion (-5).
   rN:        It protects you from negative energy.
   rCorr:     It protects you from acid and corrosion.
   Will:      It increases your willpower.
 D - +5 gold dragon scales (melded)
 L - a +0 cloak of stealth (worn)
 Q - a +2 chain mail of positive energy
Jewellery
 j - a ring of resist corrosion
 r - a ring of flight
 s - a +6 ring of dexterity
 u - a +6 ring of intelligence
 v - a +6 ring of intelligence
 w - a +6 ring of strength (left fist)
 E - a ring of magical power
 F - a ring of ice
 I - a ring of wizardry
 J - a ring of see invisible
 N - the ring of Xom's Passing Interest (right fist) {+Blink rElec rCorr MP+9 Stlth-}
   (You found it in the Dungeon)

   [ring of magical power]

   rElec:     It insulates you from electricity.
   MP:        It affects your magic capacity (+9).
   +Blink:    It lets you blink.
   rCorr:     It protects you from acid and corrosion.
   Stlth:     It makes you less stealthy.
 P - a +4 ring of slaying
 R - a ring of the Octopus King {HP+2 MP+9 AC+2 EV+2 SH+2}
   (You found it in the Dungeon)

   [ring of magical power]

   AC:        It affects your AC (+2).
   EV:        It affects your evasion (+2).
   HP:        It affects your health (+2).
   MP:        It affects your magic capacity (+9).
   SH:        It affects your SH (+2).
 W - the ring "Oggyxam" {Fly rN+++ rCorr Str-4}
   (You found it in the Dungeon)

   [ring of resist corrosion]

   Str:       It affects your strength (-4).
   rN:        It renders you almost immune to negative energy.
   Fly:       It grants you flight.
   rCorr:     It protects you from acid and corrosion.
Wands
 p - a wand of mindburst (7)
 q - a wand of acid (18)
 H - a wand of flame (24)
 M - a wand of paralysis (11)
 O - a wand of digging (5)
Scrolls
 h - 4 scrolls of blinking
 l - 4 scrolls of amnesia
 m - 7 scrolls of fog
 n - 5 scrolls of identify
 o - 2 scrolls of fear
 G - 2 scrolls of brand weapon
 S - 4 scrolls of enchant armour
 T - 4 scrolls of enchant weapon
Potions
 a - 2 potions of brilliance
 b - 2 potions of invisibility
 c - 9 potions of curing
 d - 5 potions of heal wounds
 e - 6 potions of haste
 f - 7 potions of magic
 g - 3 potions of berserk rage
 i - 4 potions of resistance
 k - 6 potions of might
Miscellaneous
 V - a phantom mirror
 X - a condenser vane


   Skills:
 + Level 20.8 Fighting
 + Level 15.1 Short Blades
 + Level 15.1 Long Blades
 + Level 16.3 Axes
 + Level 20.3 Maces & Flails
 + Level 15.1 Polearms
 + Level 15.1 Staves
 + Level 15.1 Ranged Weapons
 + Level 15.1 Throwing
 + Level 15.1 Armour
 + Level 15.7 Dodging
 + Level 15.1 Stealth
 + Level 15.1 Shields
 + Level 15.1 Unarmed Combat
 + Level 15.8 Spellcasting
 + Level 13.9 Conjurations
 + Level 12.8 Hexes
 + Level 12.8 Summonings
 + Level 12.8 Necromancy
 + Level 12.8 Translocations
 + Level 12.8 Transmutations
 + Level 12.8 Fire Magic
 + Level 12.8 Ice Magic
 + Level 12.8 Air Magic
 + Level 12.8 Earth Magic
 + Level 12.8 Poison Magic
 + Level 16.4 Invocations
 + Level 15.1 Evocations


You had 22 spell levels left.
You knew the following spells:

 Your Spells              Type           Power      Damage    Failure   Level
a - Kiss of Death         Conj/Necr      100%       2d13      0%          1
b - Passage of Golubria   Tloc           81%        N/A       1%          4
c - Vhi's Electric Charg  Tloc/Air       100%       N/A       1%          3
d - Animate Armour        Summ/Erth      100%       N/A       1%          4
e - Anguish               Hex/Necr       40%        N/A       1%          4
f - Statue Form           Tmut/Erth      54%        N/A       1%          6

Your spell library contained the following spells:

 Spells                   Type           Power      Damage    Failure   Level
 Apportation              Tloc           100%       N/A       0%          1
 Magic Dart               Conj           100%       1d8       0%          1
 Necrotise                Necr           100%       1d9       0%          1
 Slow                     Hex            100%       N/A       0%          1
 Sting                    Tmut/Pois      100%       1d8       0%          1
 Momentum Strike          Conj/Tloc      100%       3d10      0%          2
 Searing Ray              Conj           100%       2d8       0%          2
 Static Discharge         Conj/Air       100%       2-7/arc   0%          2
 Call Imp                 Summ           100%       N/A       1%          2
 Ensorcelled Hibernation  Hex/Ice        100%       N/A       1%          2
 Wereblood                Tmut           81%        N/A       1%          2
 Hailstorm                Conj/Ice       82%        3d17      1%          3
 Ignite Poison            Fire/Tmut/Pois 81%        N/A       1%          3
 Inner Flame              Hex/Fire       81%        N/A       1%          3
 Mephitic Cloud           Conj/Pois/Air  82%        N/A       1%          3
 Spider Form              Tmut/Pois      81%        N/A       1%          3
 Swiftness                Air            81%        N/A       1%          3
 Tukima's Dance           Hex            81%        N/A       1%          3
 Vampiric Draining        Necr           81%        2d11      1%          3
 Animate Dead             Necr           81%        N/A       1%          4
 Dispel Undead            Necr           81%        3d26      1%          4
 Fulminant Prism          Conj/Hex       41%        3d19      1%          4
 Petrify                  Tmut/Erth      81%        N/A       1%          4
 Summon Ice Beast         Ice/Summ       81%        N/A       1%          4
 Alistair's Intoxication  Tmut/Pois      54%        N/A       1%          5
 Arcjolt                  Conj/Air       41%        1d51      1%          5
 Blade Hands              Tmut           40%        N/A       1%          5
 Borgnjor's Vile Clutch   Necr/Erth      40%        N/A       1%          5
 Metabolic Englaciation   Hex/Ice        40%        N/A       1%          5
 Yara's Violent Unravell  Hex/Tmut       40%        3d16      1%          5
 Eringya's Noxious Bog    Tmut/Pois      40%        N/A       1%          6
 Iron Shot                Conj/Erth      41%        9d8       1%          6
 Plasma Beam              Fire/Air       40%        2x1d59    1%          6
 Enfeeble                 Hex            40%        N/A       10%         7
 Haunt                    Necr/Summ      40%        N/A       10%         7
 Malign Gateway           Summ/Tloc      40%        N/A       10%         7
 Infestation              Necr           40%        N/A       61%         8
 Maxwell's Capacitive Co  Air            40%        ∞         61%         8


Dungeon Overview and Level Annotations

Branches:
Dungeon (1/1)

Altars:
Ashenzari
Cheibriados
Dithmenos
Elyvilon
Fedhas
Gozag
Hepliaklqana
Kikubaaqudgha
Makhleb
Nemelex Xobeh
Okawaru
Qazlal
Ru
Sif Muna
Trog
Uskayaw
Vehumet
Wu Jian
Xom
Yredelemnul
Zin
The Shining One
Jiyva
Lugonu


Innate Abilities, Weirdness & Mutations

You are a living statue of rough stone.
Your actions are slow, but your melee attacks are powerful.
You are resistant to unholy torment.
Your maximum health is greatly increased.
You are immune to poison.
Your equipment is partially melded.
You have very sharp teeth.
Your uncanny sense of smell can sniff out nearby items.
Your experience applies equally to all skills.
You have large cloven feet.
Your body often deteriorates upon taking damage.
Your magical capacity is low. (-10% MP)
You occasionally lose the ability to read scrolls when taking damage.


Message History

The cyclops is almost dead.
You kill the cyclops!
Cheibriados thoroughly appreciates the change of pace.
The stone giant is severely wounded. x2
The fire giant is heavily wounded.
You kill the cyclops!
Cheibriados thoroughly appreciates the change of pace.
The cyclops is almost dead.
You kill the fire giant!
Cheibriados thoroughly appreciates the change of pace.
You block the frost giant's attack.
BOUMMMMG!
The fire giant gestures at you while chanting.
The bolt of fire misses you. You block the stone giant's attack.
SHROANNG!
You block the stone giant's attack.
BOUMMMMG!
The cyclops hits you!
* * * LOW HITPOINT WARNING * * *
The frost giant completely misses you. The fire giant casts a spell at you.
The bolt of fire misses you.
The stone giant throws a large rock.
GONNNNG!
You block the large rock. You block the stone giant's attack.
PANG!
You block the frost giant's attack.
GONNNNG!
The frost giant casts a spell at you. The bolt of cold hits you!!
You feel threatened and lose the ability to read scrolls!
* * * LOW HITPOINT WARNING * * *
The cyclops hits you but does no damage.
The stone giant hits you but does no damage.
The frost giant hits you with a +1 battleaxe of freezing!
* * * LOW HITPOINT WARNING * * *
The frost giant freezes you.
* * * LOW HITPOINT WARNING * * *
The frost giant gestures at you while chanting.
The bolt of cold hits you!
You die...

▓....|.).).
▓...))))|::)..▓..........
▓..[:/=[[:/:..▓..........
▓.....).......▓..........
▓.............▓..........
▓.............▓..▓.....▓.
▓......C......▓.▓▓▓...▓▓▓
▓....(.CC.....▓..▓.....▓.
..▓.)CC8C.▓..▓.....©....
▓ ▓.▓..C[.▓.▓ ▓▓▓▓▓▓▓▓▓▓▓
▓..▓.......▓..▓....8©8...
▓.............▓..).:)|)).
▓......©......▓...[.|)[..
▓▓▓▓▓▓▓▓▓▓▓▓▓▓▓..........
▓....)..... ∆∆∆∆∆∆∆∆∆∆∆
▓...))).).. ∆∆∆∆∆∆∆∆∆
▓...÷.)....


You could see 2 frost giants, a fire giant, 2 stone giants and 2 cyclopes.

Vanquished Creatures
  A tentacled monstrosity (D)
  4 ancient champions (D)
  3 rockslimes (D)
  An iron dragon (D)
  A nagaraja (D)
  A fire giant (D)
  An azure jelly (D)
  A quicksilver elemental (D)
  2 war gargoyles (D)
  3 quicksilver oozes (D)
  12 vault guards (D)
  5 two-headed ogres (D)
  4 naga warriors (D)
  A thrashing horror (D)
  A deep elf knight (D)
  2 wretched stars (D)
  2 crystal echidnas (D)
  A glowing orange brain (D)
  A large abomination (D)
  3 deep elf archers (D)
  2 cyclopes (D)
  3 shining eyes (D)
  A black mamba (D)
  2 eyes of devastation (D)
  A naga mage (D)
  3 smoke demons (D)
  2 yaktaurs (D)
  A polar bear (D)
  2 trolls (D)
  A jumping spider (D)
  10 slime creatures (D)
  A fire elemental (D)
  A golden eye (D)
  2 chaos spawn (D)
  3 redbacks (D)
  A naga (D)
  A floating eye (D)
  A small abomination (D)
  An orc warrior (D)
  An ogre (D)
  A phantom (D)
  2 necrophages (D)
  4 scorpions (D)
  2 wights (D)
  3 crimson imps (D)
  3 iron imps (D)
  2 orc priests (D)
  4 jellies (D)
  2 orc wizards (D)
  An adder (D)
  2 white imps (D)
  3 ufetubi (D)
  An adder zombie (D)
  2 adder simulacra (D)
  An orc (D)
  A bat skeleton (D)
  5 endoplasms (D)
  2 ball pythons (D)
  A ball python skeleton (D)
  5 ball python zombies (D)
  A quokka skeleton (D)
138 creatures vanquished.

Vanquished Creatures (collateral kills)
  A naga warrior (D)
1 creature vanquished.

Grand Total: 139 creatures vanquished

Notes
Turn   | Place    | Note
-------+----------+-------------------------------------------
     0 | D        | garrulousMonolith the Gnoll Reaver began the quest for the
                  | Orb.
     0 | D        | Reached XP level 1. HP: 20/20 MP: 6/6
     7 | D        | Found a shimmering blue altar of Sif Muna.
     7 | D        | Found a sacrificial altar of Ru.
     7 | D        | Found a bloodstained altar of Trog.
     7 | D        | Found a stormy altar of Qazlal.
     7 | D        | Found an iron altar of Okawaru.
     7 | D        | Found a sparkling altar of Nemelex Xobeh.
     7 | D        | Found a blossoming altar of Fedhas.
     7 | D        | Found the +6 Majin-Bo {spellvamp, MP+6 Int+6}
     7 | D        | Found the +27 heavy crossbow "Sniper" {heavy, Acc+∞ SInv}
     7 | D        | Found the +10 dark maul {heavy}
     7 | D        | Found the +15 Maxwell's patent armour {-Cast -Tele rElec
                  | Will+ rCorr}
     7 | D        | Found the +18 shield of the Gong {Loud rN+ Will+ rCorr
                  | EV-5}
     7 | D        | Found the +16 obsidian axe {drain, demonic, Mesm Drain Fly
                  | SInv}
     7 | D        | Found the +7 great mace "Firestarter" {flame, immolate,
                  | rFlCloud rF++}
     7 | D        | Found the +6 shillelagh "Devastator" {shatter}
     7 | D        | Found the +11 plutonium sword {Contam Stlth-}
     7 | D        | Found the +8 lance "Wyrmbane" {slay drac, rPois rF+ rC+
                  | AC+3}
     7 | D        | Found the +9 sword of Zonguldrok {reap}
     7 | D        | Found the +13 scythe of Curses {drain, curses, Drain}
     7 | D        | Found the +9 sword of Power {lifebolt}
     7 | D        | Found the +7 mace of Variability {chaos, chaos arc}
     7 | D        | Found the +11 Singing Sword {sonic wave}
     7 | D        | Found the +8 storm bow {elec, penet}
     9 | D        | Found a transporter.
     9 | D        | Found an ancient bone altar of Kikubaaqudgha.
     9 | D        | Found a viscous altar of Jiyva.
     9 | D        | Found a corrupted altar of Lugonu.
     9 | D        | Found a hazy altar of Hepliaklqana.
     9 | D        | Found a burning altar of Makhleb.
     9 | D        | Found an opulent altar of Gozag.
    65 | D        | Became a worshipper of Cheibriados the Contemplative
    73 | D        | Entered arena 2.
    73 | D        | Found a transporter.
    84 | D        | Entered arena 3.
    84 | D        | Noticed a chaos spawn
    84 | D        | Noticed a crimson imp
    84 | D        | Found a transporter.
    92 | D        | Reached skill level 5 in Fighting
    92 | D        | Reached skill level 5 in Dodging
    92 | D        | Reached skill level 5 in Spellcasting
    92 | D        | Reached XP level 2. HP: 27/27 MP: 6/8
    93 | D        | Reached * piety under Cheibriados
    93 | D        | Killed a crimson imp
    94 | D        | Reached XP level 3. HP: 30/33 MP: 0/10
    97 | D        | Killed a chaos spawn
    97 | D        | Reached ** piety under Cheibriados
    98 | D        | Reached XP level 4. HP: 24/40 MP: 1/12
    98 | D        | Reached XP level 5. HP: 27/46 MP: 1/14
   199 | D        | Entered arena 4.
   199 | D        | Found a transporter.
   203 | D        | Reached *** piety under Cheibriados
   205 | D        | Reached skill level 5 in Invocations
   205 | D        | Reached XP level 6. HP: 53/53 MP: 15/15
   210 | D        | Got Sif Muna's Spellbook of the Wyrd and the Cumulonimbus
   213 | D        | Got the Compilation of Glory
   215 | D        | Entered arena 5.
   215 | D        | Noticed a polar bear
   215 | D        | Found a transporter.
   220 | D        | Killed a polar bear
   221 | D        | Reached skill level 5 in Short Blades
   221 | D        | Reached skill level 5 in Long Blades
   221 | D        | Reached skill level 5 in Polearms
   221 | D        | Reached skill level 5 in Staves
   221 | D        | Reached skill level 5 in Ranged Weapons
   221 | D        | Reached skill level 5 in Throwing
   221 | D        | Reached skill level 5 in Armour
   221 | D        | Reached skill level 5 in Stealth
   221 | D        | Reached skill level 5 in Shields
   221 | D        | Reached skill level 5 in Unarmed Combat
   221 | D        | Reached skill level 5 in Evocations
   221 | D        | Reached XP level 7. HP: 60/62 MP: 16/18
   221 | D        | Reached **** piety under Cheibriados
   222 | D        | Reached ***** piety under Cheibriados
   230 | D        | Entered arena 6.
   230 | D        | Noticed a deep elf archer
   230 | D        | Noticed a deep elf archer
   230 | D        | Noticed a fire elemental
   230 | D        | Noticed a deep elf archer
   230 | D        | Noticed a deep elf knight
   230 | D        | Found a transporter.
   232 | D        | Killed a fire elemental
   234 | D        | Killed a deep elf knight
   235 | D        | Reached skill level 5 in Hexes
   235 | D        | Reached skill level 5 in Summonings
   235 | D        | Reached skill level 5 in Necromancy
   235 | D        | Reached skill level 5 in Translocations
   235 | D        | Reached skill level 5 in Transmutations
   235 | D        | Reached skill level 5 in Fire Magic
   235 | D        | Reached skill level 5 in Ice Magic
   235 | D        | Reached skill level 5 in Air Magic
   235 | D        | Reached skill level 5 in Earth Magic
   235 | D        | Reached skill level 5 in Poison Magic
   235 | D        | Reached XP level 8. HP: 71/71 MP: 10/20
   237 | D        | Killed a deep elf archer
   237 | D        | Killed a deep elf archer
   237 | D        | Killed a deep elf archer
   238 | D        | Reached skill level 10 in Axes
   238 | D        | Reached skill level 10 in Maces & Flails
   238 | D        | Reached XP level 9. HP: 81/81 MP: 5/22
   445 | D        | Entered arena 7.
   445 | D        | Noticed a large abomination
   445 | D        | Noticed a smoke demon
   447 | D        | Found a transporter.
   449 | D        | Killed a large abomination
   450 | D        | Killed a smoke demon
   451 | D        | Reached skill level 10 in Spellcasting
   451 | D        | Reached XP level 10. HP: 65/89 MP: 18/24
   567 | D        | Entered arena 8.
   568 | D        | Found a transporter.
   573 | D        | Reached ****** piety under Cheibriados
   694 | D        | Entered arena 9.
   694 | D        | Noticed an eye of devastation
   694 | D        | Noticed a shining eye
   697 | D        | Found a transporter.
   700 | D        | Reached skill level 10 in Dodging
   700 | D        | Gained mutation: You have large cloven feet. [a shining
                  | eye]
   701 | D        | Killed a shining eye
   702 | D        | Killed an eye of devastation
   703 | D        | Reached skill level 10 in Invocations
   889 | D        | Entered arena 10.
   890 | D        | Found a transporter.
   907 | D        | Entered arena 11.
   907 | D        | Found the +2 Maxwell's thermic engine {flame, freeze, rev}
   908 | D        | Found a transporter.
   922 | D        | Got the ring "Bootriz" {Fire Dex+3}
   954 | D        | Learned a level 4 spell: Passage of Golubria
   959 | D        | Entered arena 12.
   959 | D        | Noticed an ancient champion
   959 | D        | Noticed a war gargoyle
   959 | D        | Noticed a war gargoyle
   959 | D        | Noticed a crystal echidna
   959 | D        | Noticed an iron dragon
   959 | D        | Noticed an ancient champion
   959 | D        | Noticed an ancient champion
   960 | D        | Noticed a crystal echidna
   960 | D        | Noticed an ancient champion
   960 | D        | Noticed a quicksilver elemental
   964 | D        | Killed a war gargoyle
   964 | D        | Killed a war gargoyle
   964 | D        | Killed an ancient champion
   964 | D        | Killed an ancient champion
   964 | D        | Killed an ancient champion
   964 | D        | Killed a quicksilver elemental
   965 | D        | Reached skill level 15 in Fighting
   965 | D        | Reached skill level 10 in Conjurations
   965 | D        | Reached XP level 11. HP: 27/103 MP: 14/27
   967 | D        | Killed an ancient champion
   967 | D        | Killed a crystal echidna
   967 | D        | Killed a crystal echidna
   968 | D        | Reached skill level 15 in Maces & Flails
   968 | D        | Reached XP level 12. HP: 16/111 MP: 5/28
   971 | D        | Killed an iron dragon
   972 | D        | Found a transporter.
  1173 | D        | Got the ring of Xom's Passing Interest {+Blink rElec rCorr
                  | MP+9 Stlth-}
  1217 | D        | Learned a level 3 spell: Vhi's Electric Charge
  1218 | D        | Entered arena 13.
  1218 | D        | Noticed a wretched star
  1218 | D        | Noticed a thrashing horror
  1218 | D        | Noticed a tentacled monstrosity
  1218 | D        | Noticed a wretched star
  1219 | D        | Killed a thrashing horror
  1220 | D        | Reached skill level 10 in Hexes
  1220 | D        | Reached skill level 10 in Summonings
  1220 | D        | Reached skill level 10 in Necromancy
  1220 | D        | Reached skill level 10 in Translocations
  1220 | D        | Reached skill level 10 in Transmutations
  1220 | D        | Reached skill level 10 in Fire Magic
  1220 | D        | Reached skill level 10 in Ice Magic
  1220 | D        | Reached skill level 10 in Air Magic
  1220 | D        | Reached skill level 10 in Earth Magic
  1220 | D        | Reached skill level 10 in Poison Magic
  1221 | D        | Killed a wretched star
  1221 | D        | Killed a wretched star
  1226 | D        | Killed a tentacled monstrosity
  1380 | D        | Found a transporter.
  1406 | D        | Learned a level 4 spell: Animate Armour
  1408 | D        | Entered arena 14.
  1409 | D        | Noticed a nagaraja
  1409 | D        | Noticed a naga warrior
  1409 | D        | Noticed a naga warrior
  1409 | D        | Noticed a naga warrior
  1410 | D        | Noticed a naga warrior
  1410 | D        | Noticed a naga warrior
  1410 | D        | Found the ring of the Octopus King {HP+2 MP+9 AC+2 EV+2
                  | SH+2}
  1412 | D        | Found a transporter.
  1419 | D        | Killed a nagaraja
  1419 | D        | Killed a naga warrior
  1426 | D        | Killed a naga warrior
  1426 | D        | Killed a naga warrior
  1430 | D        | Killed a naga warrior
  1437 | D        | Killed a naga warrior
  1438 | D        | Reached XP level 13. HP: 39/122 MP: 30/30
  1650 | D        | Got a ring of the Octopus King {HP+2 MP+9 AC+2 EV+2 SH+2}
  1652 | D        | Got Gufokh's Treatise on Ghoulish Flesh
  1658 | D        | Learned a level 4 spell: Anguish
  1664 | D        | Entered arena 15.
  1665 | D        | Noticed a rockslime
  1665 | D        | Noticed a quicksilver ooze
  1665 | D        | Found the +3 giant club "Skullcrusher" {speed, Str+7}
  1665 | D        | Gained mutation: Your magical capacity is low. (-10% MP) [a
                  | shining eye]
  1665 | D        | Gained mutation: Your body sometimes deteriorates upon
                  | taking damage. [a shining eye]
  1666 | D        | Noticed a rockslime
  1668 | D        | Killed a quicksilver ooze
  1669 | D        | Killed a rockslime
  1672 | D        | Killed a rockslime
  1755 | D        | Found a transporter.
  1769 | D        | Got Zauwusho's Parchment of the Shapeshifter
  1776 | D        | Entered arena 16.
  1777 | D        | Noticed a vault guard
  1777 | D        | Noticed a vault guard
  1777 | D        | Noticed a vault guard
  1777 | D        | Noticed a vault guard
  1777 | D        | Noticed a vault guard
  1777 | D        | Noticed a vault guard
  1777 | D        | Noticed a vault guard
  1777 | D        | Found the +10 morningstar "Eos" {elec, Halo rElec}
  1777 | D        | Noticed a vault guard
  1777 | D        | Noticed a vault guard
  1777 | D        | Noticed a vault guard
  1777 | D        | Noticed a vault guard
  1778 | D        | Noticed a vault guard
  1781 | D        | Killed a vault guard
  1783 | D        | Killed a vault guard
  1784 | D        | Reached skill level 15 in Axes
  1785 | D        | Killed a vault guard
  1785 | D        | Killed a vault guard
  1786 | D        | Killed a vault guard
  1786 | D        | Killed a vault guard
  1786 | D        | Killed a vault guard
  1786 | D        | Killed a vault guard
  1786 | D        | Killed a vault guard
  1786 | D        | Killed a vault guard
  1786 | D        | Killed a vault guard
  1787 | D        | Reached skill level 15 in Spellcasting
  1787 | D        | Reached skill level 15 in Invocations
  1787 | D        | Found a transporter.
  1789 | D        | Killed a vault guard
  1944 | D        | Entered arena 17.
  1947 | D        | Noticed a quicksilver ooze
  1947 | D        | Noticed an azure jelly
  1948 | D        | Noticed a rockslime
  1948 | D        | Noticed a quicksilver ooze
  1950 | D        | Killed a quicksilver ooze
  1950 | D        | Killed a quicksilver ooze
  1950 | D        | Killed a rockslime
  1951 | D        | Reached skill level 15 in Dodging
  1951 | D        | Killed an azure jelly
  1951 | D        | Gained mutation: You occasionally lose the ability to read
                  | scrolls when taking damage. [a shining eye]
  1952 | D        | Reached XP level 14. HP: 133/135 MP: 22/30
  1952 | D        | Found a transporter.
  1952 | D        | Gained mutation: Your body often deteriorates upon taking
                  | damage. [a shining eye]
  2022 | D        | Got the ring "Oggyxam" {Fly rN+++ rCorr Str-4}
  2031 | D        | Got the Tome of Leadership
  2042 | D        | Learned a level 6 spell: Statue Form
  2045 | D        | Entered arena 18.
  2049 | D        | Noticed a stone giant
  2049 | D        | Noticed a fire giant
  2049 | D        | Noticed a fire giant
  2049 | D        | Noticed a frost giant
  2049 | D        | Identified the ring "Foxtamea" {Wiz Stlth+}
  2049 | D        | Noticed a frost giant
  2050 | D        | Noticed a stone giant
  2065 | D        | Reached skill level 15 in Short Blades
  2065 | D        | Reached skill level 15 in Long Blades
  2065 | D        | Reached skill level 15 in Polearms
  2065 | D        | Reached skill level 15 in Staves
  2065 | D        | Reached skill level 15 in Ranged Weapons
  2065 | D        | Reached skill level 15 in Throwing
  2065 | D        | Reached skill level 15 in Armour
  2065 | D        | Reached skill level 15 in Stealth
  2065 | D        | Reached skill level 15 in Shields
  2065 | D        | Reached skill level 15 in Unarmed Combat
  2065 | D        | Reached skill level 15 in Evocations
  2065 | D        | Killed a fire giant
  2066 | D        | HP: 8/176 [frost giant/+1 battleaxe of freezing (4)]
  2066 | D        | Killed from afar by a frost giant

Illustrated notes

Levels and vault maps discovered:
D:        sprint_v [room_start, room_1, room_2, room_3, room_4, room_5, room_6,
          room_7, room_8, room_9, room_10, room_11, room_12, room_13, room_14,
          room_15, room_16, room_17, room_18, room_19, room_20, room_21,
          room_22, room_23, room_24, room_25, room_26, room_27]

Skill      XL: |  1  2  3  4  5  6  7  8  9 10 11 12 13 14 |
---------------+-------------------------------------------+-----
Fighting       | 5 6 8 9 11 12 15 16 17 20 | 20.8
Short Blades   | 2 3 4 5 6 8 11 12 14 15 | 15.1
Long Blades    | 2 3 4 5 6 8 11 12 14 15 | 15.1
Axes           | 7 8 9 10 12 13 14 15 16 | 16.3
Maces & Flails | 2 3 4 6 8 10 11 14 15 17 19 20 | 20.3
Polearms       | 2 3 4 5 6 8 11 12 14 15 | 15.1
Staves         | 2 3 4 5 6 8 11 12 14 15 | 15.1
Ranged Weapons | 2 3 4 5 6 8 11 12 14 15 | 15.1
Throwing       | 2 3 4 5 6 8 11 12 14 15 | 15.1
Armour         | 2 3 4 5 6 8 11 12 14 15 | 15.1
Dodging        | 5 6 7 8 9 12 13 15 | 15.7
Stealth        | 2 3 4 5 6 8 11 12 14 15 | 15.1
Shields        | 2 3 4 5 6 8 11 12 14 15 | 15.1
Unarmed Combat | 2 3 4 5 6 8 11 12 14 15 | 15.1
Spellcasting   | 5 6 7 8 9 10 12 13 15 | 15.8
Hexes          | 2 3 4 5 6 7 9 11 12 | 12.8
Summonings     | 2 3 4 5 6 7 9 11 12 | 12.8
Necromancy     | 2 3 4 5 6 7 9 11 12 | 12.8
Translocations | 2 3 4 5 6 7 9 11 12 | 12.8
Transmutations | 2 3 4 5 6 7 9 11 12 | 12.8
Fire Magic     | 2 3 4 5 6 7 9 11 12 | 12.8
Ice Magic      | 2 3 4 5 6 7 9 11 12 | 12.8
Air Magic      | 2 3 4 5 6 7 9 11 12 | 12.8
Earth Magic    | 2 3 4 5 6 7 9 11 12 | 12.8
Poison Magic   | 2 3 4 5 6 7 9 11 12 | 12.8
Invocations    | 2 3 4 5 6 7 8 9 12 14 15 16 | 16.4
Evocations     | 2 3 4 5 6 8 11 12 14 15 | 15.1
Conjurations   | 6 7 8 9 10 11 12 13 | 13.9

Action                     |  1- 3 |  4- 6 |  7- 9 | 10-12 | 13-15 || total
---------------------------+-------+-------+-------+-------+-------++-------
  Melee: Double sword      |    10 |     7 |     6 |    42 |    23 ||    88
         Bite              |       |       |     1 |     8 |     4 ||    13
         Kick              |       |       |       |    15 |    11 ||    26
         Morningstar       |       |       |       |       |    17 ||    17
   Cast: Animate Armour    |       |       |       |     1 |       ||     1
         Statue Form       |       |       |       |       |     1 ||     1
 Invoke: Slouch            |       |       |     4 |    15 |     9 ||    28
    Use: Potion            |     2 |       |       |     5 |       ||     7
 Armour: Plate armour      |     4 |     4 |     1 |    10 |       ||    19
         Gold dragon scale |       |       |       |    12 |     8 ||    20
         Skin              |       |       |       |       |    13 ||    13
  Dodge: Dodged            |       |     3 |     1 |    13 |    41 ||    58
  Block: Kite shield       |    17 |    18 |    11 |    95 |   106 ||   247
